 Dungeon Crawl Stone Soup version 0.30.0 (webtiles) character file.

Game seed: 2912405244812514350

101 strontium90w the Conjurer (level 4, -3/32 HPs)
             Began as a Gnoll Conjurer on May 6, 2023.
             Was a Follower of Okawaru.
             Killed by nerve-wracking pain
             ... invoked by Grinder
              (11 damage)
             ... while paralysed by Grinder
             ... on level 3 of the Dungeon.
             The game lasted 00:06:53 (2521 turns).

strontium90w the Conjurer (Gnoll Conjurer)          Turns: 2521, Time: 00:06:54

Health: -3/32      AC:  2    Str:  7    XL:     4   Next: 75%
Magic:  11/11      EV:  2    Int: 19    God:    Okawaru [*.....]
Gold:   192        SH:  0    Dex: 10    Spells: 7/13 levels left

rFire   . . .        h - +2 short sword (vamp)
rCold   . . .        (no shield)
rNeg    . . .        a - +0 robe
rPois   .            (no helmet)
rElec   .            (no cloak)
rCorr   .            (no gloves)
SInv    .            (no boots)
Will    .....        (no amulet)
Stlth   ++           (no ring)
HPRegen 0.25/turn    (no ring)
MPRegen 0.12/turn

%: no passive effects
@: paralysed
A: fangs 1, strong nose, distributed training
a: Renounce Religion, Heroism


You were on level 3 of the Dungeon.
You worshipped Okawaru.
Okawaru was aware of your devotion.
You visited 1 branch of the dungeon, and saw 3 of its levels.

You collected 192 gold pieces.

Inventory:

Hand Weapons
 h - a +2 vampiric short sword (weapon)
Missiles
 i - 6 boomerangs
Armour
 a - a +0 robe (worn)
Scrolls
 c - a scroll of blinking {unknown}
 d - a scroll of silence
 e - a scroll of enchant armour {unknown}
 g - a scroll of teleportation
 j - a scroll of brand weapon {unknown}
 k - a scroll of poison {unknown}
 l - a scroll of noise {unknown}
 m - 2 scrolls of immolation
 o - a scroll of fog {unknown}
Potions
 b - a potion of magic
 f - a potion of heal wounds {unknown}
 n - a potion of attraction {unknown}


   Skills:
 + Level 1.2 Fighting
 + Level 1.2 Short Blades
 + Level 1.2 Long Blades
 + Level 1.2 Axes
 + Level 1.2 Maces & Flails
 + Level 1.2 Polearms
 + Level 1.2 Staves
 + Level 1.2 Ranged Weapons
 + Level 1.2 Throwing
 + Level 1.2 Armour
 + Level 4.7 Dodging
 + Level 4.3 Stealth
 + Level 1.2 Shields
 + Level 1.2 Unarmed Combat
 + Level 5.1 Spellcasting
 + Level 7.1 Conjurations
 + Level 1.0 Hexes
 + Level 1.0 Summonings
 + Level 1.0 Necromancy
 + Level 1.0 Translocations
 + Level 1.0 Transmutations
 + Level 1.0 Fire Magic
 + Level 1.0 Ice Magic
 + Level 1.0 Air Magic
 + Level 1.0 Earth Magic
 + Level 1.0 Poison Magic
 + Level 1.4 Invocations
 + Level 1.2 Evocations


You had 7 spell levels left.
You knew the following spells:

 Your Spells              Type           Power      Damage    Failure   Level
a - Magic Dart            Conj           100%       1d8       1%          1
b - Searing Ray           Conj           64%        2d6       1%          2
c - Dazzling Flash        Conj/Hex       40%        N/A       7%          3

Your spell library contained the following spells:

 Spells                   Type           Power      Damage    Failure   Level
 Cigotuvi's Dreadful Rot  Necr/Pois/Air  16%        N/A       12%         2
 Fulminant Prism          Conj/Hex       10%        3d8       22%         4
 Iskenderun's Mystic Bla  Conj/Tloc      20%        2d6       22%         4
 Ignite Poison            Fire/Tmut/Pois 8%         N/A       24%         3
 Ozocubu's Armour         Ice            8%         N/A       24%         3
 Freezing Cloud           Conj/Ice/Air   8%         6-21      67%         5
 Metabolic Englaciation   Hex/Ice        4%         N/A       91%         5
 Simulacrum               Ice/Necr       Unusable   N/A       N/A         6

Dungeon Overview and Level Annotations

Branches:
Dungeon (3/15)

Altars:
Okawaru

Annotations:
D:3 Grinder


Innate Abilities, Weirdness & Mutations

You have very sharp teeth.
Your uncanny sense of smell can sniff out nearby items.
Your experience applies equally to all skills.


Message History

The orc wizard hits you but does no damage.
The orc wizard closely misses you. The orc wizard barely misses you.
You barely miss the orc wizard.
The orc wizard is almost dead.
The orc wizard hits you but does no damage.
You bump into the rock wall.
You feel less confused.
The orc wizard gestures at you while chanting.
The puff of flame hits you!
* * * LOW HITPOINT WARNING * * *
Okay, then.
As you read the scroll of teleportation, it crumbles to dust.
You feel strangely unstable.
The orc wizard casts a spell.
The orc wizard flickers and vanishes!
Deactivating autopickup; reactivate with Ctrl-A.
Something completely misses you.
You hear some strange, mumbled words.
Something tries to affect you, but you resist.
You hear some strange, mumbled words.
Something tries to affect you, but you resist.
Your surroundings suddenly seem different.
You start resting.
HP restored.
Grinder comes into view.
You hit Grinder.
Grinder is lightly wounded.
Grinder gestures at you. Pain shoots through your body!
You hit Grinder but do no damage.
Grinder is lightly wounded.
Grinder gestures at you.
You suddenly lose the ability to move!
Grinder hits you!
You writhe in agony.
* * * LOW HITPOINT WARNING * * *
Grinder says, "Are you a fish?" Grinder gestures at you.
Pain shoots through your body!
You die...

.....#.....................#.#.##
##.#.###..######.##.#.####.#.#...
#.#.# #...................#.#.##
##.#.###.##########.#.####......#
.......#.# #.#.# #.#.####
##.###.#.# ####.#.# #.#.#
....##.#.# #....#.# #.#.#
.......#.# #.####.. ..#.#
########.# #@# ###.# .........#
#.5...... ..# ########.#
######.## #.# ###


You could see Grinder.

Vanquished Creatures
  3 adders
  A worm (D:3)
  2 dart slugs
  An orc (D:3)
  7 bats
  11 endoplasms
  3 giant cockroaches
  5 hobgoblins
  4 jackals (D:2)
  A quokka (D:1)
  6 frilled lizards
  6 goblins
  4 kobolds
  8 rats
62 creatures vanquished.

Notes
Turn   | Place    | Note
-------+----------+-------------------------------------------
     0 | D:1      | strontium90w the Gnoll Conjurer began the quest for the
                  | Orb.
     0 | D:1      | Reached XP level 1. HP: 13/13 MP: 6/6
    95 | D:1      | Reached XP level 2. HP: 19/19 MP: 2/7
   666 | D:1      | Reached skill level 5 in Spellcasting
   666 | D:1      | Reached XP level 3. HP: 25/25 MP: 6/9
   669 | D:1      | Learned a level 2 spell: Searing Ray
   673 | D:1      | Learned a level 3 spell: Dazzling Flash
   810 | D:1      | Reached skill level 1 in Invocations
  1272 | D:2      | Reached skill level 1 in Fighting
  1272 | D:2      | Reached skill level 1 in Short Blades
  1272 | D:2      | Reached skill level 1 in Long Blades
  1272 | D:2      | Reached skill level 1 in Axes
  1272 | D:2      | Reached skill level 1 in Maces & Flails
  1272 | D:2      | Reached skill level 1 in Polearms
  1272 | D:2      | Reached skill level 1 in Staves
  1272 | D:2      | Reached skill level 1 in Ranged Weapons
  1272 | D:2      | Reached skill level 1 in Throwing
  1272 | D:2      | Reached skill level 1 in Armour
  1272 | D:2      | Reached skill level 1 in Shields
  1272 | D:2      | Reached skill level 1 in Unarmed Combat
  1272 | D:2      | Reached skill level 1 in Evocations
  1433 | D:2      | Found a faded altar of an unknown god.
  1437 | D:2      | Prayed at the altar of an unknown god.
  1437 | D:2      | Became a worshipper of Warmaster Okawaru
  1437 | D:2      | Reached * piety under Okawaru
  1527 | D:2      | Reached XP level 4. HP: 24/32 MP: 1/11
  1733 | D:2      | Reached skill level 1 in Hexes
  1733 | D:2      | Reached skill level 1 in Summonings
  1733 | D:2      | Reached skill level 1 in Necromancy
  1733 | D:2      | Reached skill level 1 in Translocations
  1733 | D:2      | Reached skill level 1 in Transmutations
  1733 | D:2      | Reached skill level 1 in Fire Magic
  1733 | D:2      | Reached skill level 1 in Ice Magic
  1733 | D:2      | Reached skill level 1 in Air Magic
  1733 | D:2      | Reached skill level 1 in Earth Magic
  1733 | D:2      | Reached skill level 1 in Poison Magic
  2517 | D:3      | Noticed Grinder
  2519 | D:3      | Paralysed by Grinder for 5 turns
  2521 | D:3      | Killed from afar by Grinder

Illustrated notes

Levels and vault maps discovered:
D:1:      lemuel_arrival_rhombus, layout_loops_cross, minmay_tetromino_s2
D:2:      layout_rooms, ebering_ecumenical_altar_box
D:3:      layout_basic, nicolae_elyvilon_peaceful_grove, nicolae_goblin_pals,
          uniq_ijyb, uniq_grinder

Skill      XL: |  1  2  3  4 |
---------------+-------------+-----
Spellcasting   | 5 |  5.1
Invocations    | 1 |  1.4
Fighting       | 1 |  1.2
Short Blades   | 1 |  1.2
Long Blades    | 1 |  1.2
Axes           | 1 |  1.2
Maces & Flails | 1 |  1.2
Polearms       | 1 |  1.2
Staves         | 1 |  1.2
Ranged Weapons | 1 |  1.2
Throwing       | 1 |  1.2
Armour         | 1 |  1.2
Shields        | 1 |  1.2
Unarmed Combat | 1 |  1.2
Evocations     | 1 |  1.2
Hexes          | 1 |  1.0
Summonings     | 1 |  1.0
Necromancy     | 1 |  1.0
Translocations | 1 |  1.0
Transmutations | 1 |  1.0
Fire Magic     | 1 |  1.0
Ice Magic      | 1 |  1.0
Air Magic      | 1 |  1.0
Earth Magic    | 1 |  1.0
Poison Magic   | 1 |  1.0
Dodging        | |  4.7
Stealth        | |  4.3
Conjurations   | |  7.1

Action                     |  1- 3 |  4- 6 || total
---------------------------+-------+-------++-------
  Melee: Unarmed           |     3 |       ||     3
         Bite              |     1 |     2 ||     3
         Short sword       |     6 |    37 ||    43
   Cast: Magic Dart        |    83 |    19 ||   102
    Use: Scroll            |     1 |     3 ||     4
 Armour: Robe              |     5 |     9 ||    14
  Dodge: Dodged            |    14 |    21 ||    35
